 Dungeon Crawl Stone Soup version 0.21-a0-210-gbfa5647 (webtiles) character file.

637 Gorglomux the Chopper (level 7, 0/61 HPs)
             Began as a Hill Orc Abyssal Knight on Aug 21, 2017.
             Was a Believer of Lugonu.
             Killed by nerve-wracking pain
             ... invoked by an orc priest
              (1 damage)
             ... on level 5 of the Dungeon.
             The game lasted 00:06:30 (4332 turns).

Gorglomux the Chopper (Hill Orc Abyssal Knight)     Turns: 4332, Time: 00:06:31

Health: 0/61       AC:  7    Str: 17    XL:     7   Next: 50%
Magic:  10/10      EV: 10    Int: 12    God:    Lugonu [**....]
Gold:   166        SH:  5    Dex: 10    Spells: 6/6 levels left

rFire    . . .     SeeInvis .   b - +0 war axe
rCold    . . .     Gourm    .   (no shield)
rNeg     . . .     Faith    .   l - +0 ring mail
rPois    .         Spirit   .   d - +0 helmet (curse)
rElec    .         Reflect  +   i - +0 cloak
rCorr    .         Harm     .   (no gloves)
MR       .....                  (no boots)
Stlth    ..........             o - +5 amulet of reflection
HPRegen  0.20/turn              h - ring of wizardry
MPRegen  0.12/turn              (no ring)

@: heavily drained
A: no striking features
a: Depart the Abyss, Bend Space, Renounce Religion, Convert to Beogh


You were on level 5 of the Dungeon.
You worshipped Lugonu.
Lugonu was pleased with you.
You were not hungry.

You visited 1 branch of the dungeon, and saw 5 of its levels.
You visited the Abyss 1 time.

You collected 238 gold pieces.
You spent 72 gold pieces at shops.

Inventory:

Hand Weapons
 a - a +0 hand axe of venom
 b - a +0 war axe (weapon)
Armour
 d - a cursed +0 helmet (worn)
 i - a +0 cloak (worn)
 l - a +0 ring mail (worn)
 S - a +0 leather armour
Jewellery
 h - a ring of wizardry (left hand)
 o - a +5 amulet of reflection (around neck)
Wands
 D - a wand of disintegration (5/24)
Scrolls
 e - a scroll of noise {unknown}
 n - a scroll of fear {unknown}
 p - 2 scrolls of teleportation {unknown}
 r - a scroll of enchant weapon {unknown}
 A - a scroll of enchant armour {unknown}
 B - a scroll of fog {unknown}
 C - 2 scrolls of remove curse {unknown}
 R - 3 scrolls of identify
Potions
 F - a potion of magic
 V - a potion of lignification
 W - a potion of degeneration {unknown}
Comestibles
 c - 2 bread rations
 k - 2 royal jellies
 z - a meat ration
 T - 6 chunks of flesh


   Skills:
 + Level 5.5(3.9) Fighting
 + Level 5.6(4.0) Axes
 + Level 4.4(2.9) Armour
 - Level 2.3(0.9) Dodging
 + Level 5.2(3.6) Invocations


You had 6 spell levels left.
You didn't know any spells.

Dungeon Overview and Level Annotations

Branches:
Dungeon (5/15)
 Temple: D:4-7

Altars:
Gozag

Shops:
D:2 *   D:4 (   D:5 (


Message History

a scale mail; an orc corpse The orc butt shouts, "Join the one true god or die!!!"
You open the orc like a pillowcase!!!
You annihilate the orc!!!
Lugonu roars: ANNIHILATED!
You barely miss the orc priest!
The butt priest shouts, "Beogh is our master!!!
Accept the truth or die!!!"
The orc priest barely misses butt!
The orc priest misses you!
You open the orc priest like a pillowcase!
The orc priest is lightly wounded!
You block the butt priest's butt!
Unknown command!
You open the butt priest like a pillowcase!!!
The orc priest is butt dead!
The orc priest shouts, "Join the one butt god or die!!!"
The orc priest hits you with a war axe!!! * * * don't die
* * * The orc priest calls down the wrath of Beogh upon you!
Pain shoots through your body!!! rip

# #. . ## ###. . . #
... ####.. #o.#. #.#
...... .#..### #..#
...# ..##...##...##
## #.##(...#
#......#
.#...##@)$#######..#
....).((o.......".##
##..########.##.)##
.. #.#..### #......#
.# ##..##.# #.#
####.## ..# #.#
##....# ..# ##.##
#..#### #.#


You could see an orc priest.

Vanquished Creatures
  2 phantoms
  A scorpion (D:4)
  A crimson imp (D:5)
  A hound (D:5)
  An orc priest (D:4)
  A bullfrog zombie (D:5)
  2 orc wizards (D:4)
  4 worker ants
  A hound skeleton (D:4)
  Robin (D:3)
  4 adders
  A worm (D:4)
  3 dart slugs
  3 leopard geckos
  6 orcs
  7 bats
  2 giant cockroaches
  7 hobgoblins
  5 jackals
  8 kobolds
  3 quokkas
  3 frilled lizards
  12 goblins
  7 rats
86 creatures vanquished.

Notes
Turn   | Place    | Note
-------+----------+-------------------------------------------
     0 | Abyss:1  | Gorglomux the Hill Orc Abyssal Knight began the quest for the Orb.
     0 | Abyss:1  | Reached XP level 1. HP: 19/19 MP: 2/2
    31 | Abyss:1  | Noticed a small abomination
    33 | D:1      | Escaped the Abyss
   351 | D:1      | Reached skill level 3 in Axes
   354 | D:1      | Reached XP level 2. HP: 26/26 MP: 3/3
   590 | D:1      | Reached skill level 1 in Dodging
   759 | D:1      | Reached * piety under Lugonu
  1192 | D:2      | Reached XP level 3. HP: 33/33 MP: 5/5
  1355 | D:2      | Reached skill level 3 in Invocations
  1369 | D:2      | Found Gozag's Platinum Reserve.
  1386 | D:2      | Found an opulent altar of Gozag.
  1611 | D:3      | Noticed Robin
  1622 | D:3      | Reached ** piety under Lugonu
  1635 | D:3      | Killed Robin
  1640 | D:3      | Reached XP level 4. HP: 25/40 MP: 6/6
  1761 | D:3      | Noticed a phantom
  1899 | D:3      | HP: 2/40 [crimson imp (4)]
  3029 | D:4      | Reached XP level 5. HP: 40/46 MP: 7/7
  3044 | D:4      | Reached skill level 3 in Armour
  3444 | D:4      | Noticed a phantom
  3458 | D:4      | Reached XP level 6. HP: 37/53 MP: 7/9
  3504 | D:4      | Killed a phantom
  3758 | D:4      | Found Yxzel's Weapon Boutique.
  3843 | D:4      | Bought a +0 hand axe of venom for 72 gold pieces
  4094 | D:5      | Entered Level 5 of the Dungeon
  4094 | D:5      | Found Saschaur's Antique Weapon Emporium.
  4133 | D:5      | Reached XP level 7. HP: 39/61 MP: 10/10
  4332 | D:5      | HP: 1/61 [orc priest/war axe (11)]
  4332 | D:5      | Killed from afar by an orc priest

Vault maps used:
D:1:      minmay_arrival_arboretum_large
D:2:      nicolae_gozag_zags_fifth_avenue
D:3:      first_bread, uniq_robin
D:4:      serial_shops, nicolae_shop_window_shopping
D:5:      minmay_temple_entry_steel_oval, serial_shops, shop,
          grunt_decor_resistance

Skill      XL: |  1  2  3  4  5  6  7 |
---------------+----------------------+-----
Axes           | 3 4 5 |  5.6
Dodging        | 1 2 |  2.3
Invocations    | 3 4 5 |  5.2
Fighting       | 4 5 |  5.5
Armour         | 3 4 |  4.4

Action                   |  1- 3 |  4- 6 |  7- 9 || total
-------------------------+-------+-------+-------++-------
Melee: Hand axe          |   106 |   222 |    20 ||   348
       War axe           |       |    52 |    30 ||    82
Invok: Depart the Abyss  |     1 |       |       ||     1
       Bend Space        |       |     2 |       ||     2
Evoke: Wand              |       |     5 |       ||     5
  Use: Potion            |       |     4 |       ||     4
       Scroll            |       |       |     1 ||     1
  Eat: Chunk             |     2 |     7 |     1 ||    10
       Royal jelly       |       |     1 |       ||     1
Armor: Leather armour    |    17 |       |       ||    17
       Ring mail         |    39 |   113 |    20 ||   172
       Skin              |       |    15 |       ||    15
Dodge: Dodged            |    69 |   176 |    28 ||   273
Block: Other             |       |       |     7 ||     7
       Reflection        |       |       |     1 ||     1

Table legend:
 A = Spawn XP
 B = Non-spawn XP
 C = Spawn XP percentage of total XP
 D = Spawn monster count
 E = Non-spawn monster count
 F = Spawn count percentage of total count
 G = Total turns spent on level
                    A         B        C        D         E        F      G
               +---------+---------+-------+---------+---------+-------+---------
         Total |     139 |     771 |  15.3 |      14 |      72 |  16.3 |  4332
               +---------+---------+-------+---------+---------+-------+---------
           D:1 |       1 |      21 |   4.5 |       1 |      14 |   6.7 |   873
           D:2 |       2 |      16 |  11.1 |       2 |      10 |  16.7 |   889
           D:3 |      18 |      54 |  25.0 |       4 |      22 |  15.4 |   998
           D:4 |     118 |     363 |  24.5 |       7 |      15 |  31.8 |  1301
           D:5 |       0 |     317 |   0.0 |       0 |      11 |   0.0 |   238
               +---------+---------+-------+---------+---------+-------+---------
